 Dungeon Crawl Stone Soup version 0.31-a0-986-g5e6e4ef867 (webtiles) character file.

Game seed: 12691939437490932937

35 LeprechaunX the Changeling (level 3, -4/23 HPs)
             Began as an Octopode Shapeshifter on Nov 7, 2023.
             Slain by a gnoll
             ... wielding a +0 spear
              (7 damage)
             ... on level 2 of the Dungeon.
             The game lasted 00:00:54 (776 turns).

LeprechaunX the Changeling (Octopode Shapeshifter)   Turns: 776, Time: 00:00:54

Health: -4/23      AC:  1    Str: 13    XL:     3   Next: 33%
Magic:  3/3        EV: 13    Int: 12    God:
Gold:   62         SH:  0    Dex: 13    Spells: 2/2 levels left

rFire   . .          .
                       - Unarmed
rCold   . . .        (no shield)
rNeg    . . .        (helmet currently unavailable)
rPois   .            (no amulet)
rElec   .            (no ring)
rCorr   .            (no ring)
SInv    .            (no ring)
Will    .....        (no ring)
Stlth   ++           (no ring)
HPRegen 0.23/turn    (no ring)
MPRegen 0.08/turn    (no ring)
                     (no ring)

%: no passive effects
@: beast-form
A: beast (slay +1), almost no armour, amphibious, 8 rings, camouflage 1,
gelatinous body 1, (nimble swimmer 1), tentacles
a: Begin Untransformation


You were on level 2 of the Dungeon.
You were a hulking beast.
You visited 1 branch of the dungeon, and saw 2 of its levels.

You collected 62 gold pieces.

Inventory:

Missiles
 h - 5 darts of dispersal
Talismans
 b - a beast talisman
 c - a flux talisman
Scrolls
 d - a scroll of enchant weapon {unknown}
 e - a scroll of immolation {unknown}
 g - a scroll of noise {unknown}
Potions
 a - a potion of lignification
 f - a potion of curing {unknown}


   Skills:
 + Level 1.6 Fighting
 + Level 0.8 Throwing
 - Level 2.1 Dodging
 + Level 3.3 Unarmed Combat
 * Level 3.4 Shapeshifting


You had 2 spell levels left.
You didn't know any spells.
Your spell library contained the following spells:

 Spells                   Type           Power      Damage    Failure   Level
 Apportation              Tloc           0%         N/A       32%         1
 Necrotise                Necr           0%         1d4       32%         1
 Summon Small Mammal      Summ           0%         N/A       32%         1
 Ozocubu's Armour         Ice            0%         N/A       69%         3
 Metabolic Englaciation   Hex/Ice        0%         N/A       100%        5
 Simulacrum               Ice/Necr       0%         N/A       100%        6


Dungeon Overview and Level Annotations

Branches:
Dungeon (2/15)

Altars:


Innate Abilities, Weirdness & Mutations

You are a hulking beast.
Your limbs bulge with bestial killing power. (Slay +1)
You cannot wear most types of armour.
You are amphibious.
You can wear up to eight rings at the same time.
Your skin changes colour to match your surroundings (Stealth+).
Your rubbery body absorbs attacks. (AC +1, EV +1)
((You are camouflaged when in or above water. (Stealth+)))
You have tentacles for arms and can constrict up to eight enemies at once.


Message History

You tentacle-slap the gnoll. Your grab misses the gnoll.
The gnoll is moderately wounded.
A gnoll comes into view. It is wielding a +0 spear.
The gnoll closely misses you.
You closely miss the gnoll. You grab the gnoll.
The gnoll is moderately wounded.
You constrict the gnoll, but do no damage.
The gnoll barely misses you.
You tentacle-slap the gnoll.
The gnoll is heavily wounded.
You constrict the gnoll.
The gnoll hits you from afar with a +0 spear.
A gnoll comes into view. It is wielding a +0 club.
The gnoll closely misses you.
You tentacle-slap the gnoll.
The gnoll is severely wounded.
You constrict the gnoll. The gnoll hits you with a +0 whip!
The gnoll hits you from afar with a +0 spear.
* * * LOW HITPOINT WARNING * * *
You are too injured to fight recklessly!
You are too injured to fight recklessly!
You are too injured to fight recklessly!
You are too injured to fight recklessly!
You are too injured to fight recklessly!
You are too injured to fight recklessly!
You are too injured to fight recklessly!
You are too injured to fight recklessly!
You are too injured to fight recklessly!
You are too injured to fight recklessly!
You are too injured to fight recklessly!
You are too injured to fight recklessly!
Unknown command.
You tentacle-slap the gnoll.
You kill the gnoll!
The gnoll hits you from afar with a +0 spear.
* * * LOW HITPOINT WARNING * * *
Unknown command.
The gnoll attacks as it pursues you!
The gnoll hits you from afar with a +0 spear!
You die...

#.##.....## #.###...#
#.#.......## #..#.....
##..........####........
............'...........
#.........####........
##.......## ##.#.....
##.....## ###....#
##...## #.#### ##h## #.#
#.# #.# #g# ####.# #)##.
..##.# ...#.#####.##.#
.g........#.##.#
g..........#.##.#
#....##.##..#.##.#
...#?##.##.......#


You could see 2 gnolls.

Vanquished Creatures
  A gnoll (D:2)
  2 dart slugs (D:1)
  3 ball pythons (D:1)
  2 endoplasms (D:1)
  A giant cockroach (D:1)
  A goblin (D:1)
  2 hobgoblins
  2 quokkas (D:1)
  A frilled lizard (D:1)
  2 kobolds (D:1)
  3 rats (D:1)
20 creatures vanquished.

Notes
Turn   | Place    | Note
-------+----------+-------------------------------------------
     0 | D:1      | LeprechaunX the Octopode Shapeshifter began the quest for
                  | the Orb.
     0 | D:1      | Reached XP level 1. HP: 13/13 MP: 1/1
   310 | D:1      | Reached XP level 2. HP: 18/18 MP: 2/2
   555 | D:1      | Reached XP level 3. HP: 20/23 MP: 3/3
   776 | D:2      | Slain by a gnoll

Illustrated notes

Levels and vault maps discovered:
D:1:      heliophobic_arrival_henge, layout_loops_ring, item_on_display_a
D:2:      layout_loops_corners

Action                     || total
---------------------------++-------
  Melee: Unarmed           ||    37
         Constrict         ||    11
         Tentacles         ||     8
   Stab: Sleeping          ||     6
 Armour: Skin              ||    14
  Dodge: Dodged            ||    13

Table legend: (Time is in decaauts)
 A = Elapsed time spent in this place.
 B = Non-inter-level travel time spent in this place.
 C = Inter-level travel time spent in this place.
 D = Time resting spent in this place.
 E = Time spent auto-exploring this place.
 F = Levels seen in this place.
 G = Mean time per level.
                   A        B        C        D        E       F      G
               +--------+--------+--------+--------+--------+-----+--------+
         Total |    773 |    738 |     35 |      0 |    615 |   2 |  386.5 |
       Dungeon |    773 |    738 |     35 |      0 |    615 |   2 |  386.5 |
               +--------+--------+--------+--------+--------+-----+--------+

Top non-repeatable levels by time:
     D:1: 724 daAuts
     D:2: 49 daAuts
